 Dungeon Crawl Stone Soup version 0.29-a0-1033-gb6c65ffae6 (webtiles) character file.

Game seed: 14943529731362735736

492 hikkokomori the Chiller (level 6, -7/51 HPs)
             Began as a Draconian Ice Elementalist on Aug 14, 2022.
             Was a Follower of Sif Muna.
             Mangled by a lorocyproca (18 damage)
             ... on level 1 of the Abyss.
             The game lasted 00:14:32 (2320 turns).

hikkokomori the Chiller (DrIE)                      Turns: 2320, Time: 00:14:32

Health: -7/51      AC:  8    Str: 11    XL:     6   Next: 91%
Magic:  0/20       EV: 12    Int: 17    God:    Sif Muna [*.....]
Gold:   196        SH:  5    Dex: 11    Spells: 8/12 levels left

rFire   . . .      SeeInvis .   b - staff of cold
rCold   + . .      Faith    .   (no shield)
rNeg    . . .      Spirit   .   (body armour unavailable)
rPois   .          Reflect  +   (helmet restricted)
rElec   .          Harm     .   (no cloak)
rCorr   .          Rampage  .   o - +1 pair of gloves
Will    .....                   (no boots)
Stlth   ++........              q - amulet of reflection
HPRegen 0.17/turn               d - ring of magical power
MPRegen 0.17/turn               (no ring)

@: about to teleport
A: AC +6, unfitting armour, cold-blooded
a: Renounce Religion, Channel Magic


You were on level 1 of the Abyss.
You worshipped Sif Muna.
Sif Muna was aware of your devotion.
You visited 1 branch of the dungeon, and saw 4 of its levels.
You visited the Abyss 1 time.

You collected 196 gold pieces.

Inventory:

Hand Weapons
 e - a +1 whip
Missiles
 c - 8 poisoned darts
 p - 9 stones
Armour
 m - a +2 helmet
 o - a +1 pair of gloves (worn)
Magical Staves
 b - a staff of cold (weapon)
Jewellery
 d - a ring of magical power (left hand)
 q - an amulet of reflection (around neck)
Scrolls
 f - a scroll of identify
 h - a scroll of enchant weapon
 k - a scroll of torment
Potions
 a - a potion of magic
 j - 2 potions of degeneration


   Skills:
 + Level 3.2 Fighting
 + Level 3.4 Dodging
 - Level 2.4 Stealth
 + Level 3.5 Spellcasting
 + Level 5.1 Ice Magic
 + Level 2.6 Invocations


You had 8 spell levels left.
You knew the following spells:

 Your Spells              Type           Power      Damage    Failure   Level
a - Freeze                Ice            100%       1d11      1%          1
b - Frozen Ramparts       Ice            60%        1d10      6%          3

Your spell library contained the following spells:

 Spells                   Type           Power      Damage    Failure   Level
 Ozocubu's Armour         Ice            30%        N/A       6%          3
 Hailstorm                Conj/Ice       17%        3d6       50%         4


Dungeon Overview and Level Annotations

Branches:
Dungeon (4/15)
 Temple: D:4-7

Altars:
Sif Muna

Annotations:
D:3 1 runed translucent door, Newt's ghost, amateur DsGl


Innate Abilities, Weirdness & Mutations

Your plain brown scales are hard. (AC +6)
You cannot fit into any form of body armour.
You are cold-blooded and may be slowed by cold attacks.


Message History

Press: ? - help, Shift-Dir - straight line, f/p - ufetubus
Aim: an ufetubus (severely wounded)
You feel a surge of power!
You freeze the ufetubus but do no damage.
The ufetubus completely resists.
The ufetubus hits you but does no damage. x2
The ufetubus closely misses you.
The ufetubus hits you but does no damage.
Casting: Freeze (safe; 1% risk of failure)
Confirm with . or Enter, or press ? or * to list all spells.
Aiming: Freeze (safe; 1% risk of failure)
Press: ? - help, Shift-Dir - straight line, f/p - ufetubus
Aim: an ufetubus (severely wounded)
You feel a surge of power!
You freeze the ufetubus.
The ufetubus resists.
The ufetubus is almost dead.
The ufetubus hits you.
The ufetubus hits you but does no damage.
Casting: Freeze (safe; 1% risk of failure)
Confirm with . or Enter, or press ? or * to list all spells.
Aiming: Freeze (safe; 1% risk of failure)
Press: ? - help, Shift-Dir - straight line, f/p - ufetubus
Aim: an ufetubus (almost dead)
You feel a surge of power!
You freeze the ufetubus.
The ufetubus resists.
You kill the ufetubus!
Sif Muna accepts your kill.
Unknown command.
You hear a chilling moan.
Something hits you!!
You feel your power leaking away.
Deactivating autopickup; reactivate with Ctrl-A.
Something hits you but does no damage.
You swing at nothing.
Something hits you!!
* * * LOW HITPOINT WARNING * * *
You feel your power leaking away.
Unknown command.
As you read the scroll of teleportation, it crumbles to dust.
You feel strangely unstable.
You feel the power of the Abyss delaying your translocation!
Something hits you!!
You die...

..#. ...# ...#.
. ...# #
.##..## .#
.#....#####.#
.###...#..# .
..##.@#
#.#..#....# #
#.#..#....# #.
###. #.###..#
#.....##..#####
#.#... ###... #
#.......... #
#. ... .## .. .
#...##.## #...#


There were no monsters in sight!

Vanquished Creatures
  Grinder (D:4)
  An ogre (D:4)
  A small abomination (Abyss:1)
  A quasit (Abyss:1)
  2 gnolls (D:4)
  2 adders (D:2)
  An ufetubus (Abyss:1)
  A worm (D:2)
  5 dart slugs
  6 orcs (D:3)
  2 ball pythons (D:1)
  2 bats
  3 endoplasms (D:1)
  2 giant cockroaches (D:1)
  4 goblins
  5 hobgoblins (D:2)
  6 kobolds
  6 quokkas
  2 frilled lizards
  7 rats
60 creatures vanquished.

Vanquished Creatures (others)
  2 withered plants (D:3)
2 creatures vanquished.

Grand Total: 62 creatures vanquished

Notes
Turn   | Place    | Note
-------+----------+-------------------------------------------
     0 | D:1      | hikkokomori the Draconian Ice Elementalist began the quest
                  | for the Orb.
     0 | D:1      | Reached XP level 1. HP: 14/14 MP: 3/3
   313 | D:1      | Reached XP level 2. HP: 19/22 MP: 5/5
   735 | D:1      | Reached skill level 1 in Fighting
   864 | D:2      | Found a shimmering blue altar of Sif Muna.
   876 | D:2      | Became a worshipper of Sif Muna the Loreminder
   896 | D:2      | Reached XP level 3. HP: 19/28 MP: 0/6
  1258 | D:2      | Found a faded altar of an unknown god.
  1334 | D:3      | Noticed Newt's ghost (amateur DsGl)
  1334 | D:3      | Found a runed translucent door.
  1398 | D:3      | Reached XP level 4. HP: 19/35 MP: 6/7
  1420 | D:3      | Reached * piety under Sif Muna
  1808 | D:4      | Noticed an ogre
  1814 | D:4      | Killed an ogre
  1815 | D:4      | Reached skill level 1 in Invocations
  1815 | D:4      | Reached XP level 5. HP: 41/41 MP: 9/9
  1831 | D:4      | Noticed Grinder
  1842 | D:4      | Paralysed by Grinder for 5 turns
  1845 | D:4      | HP: 2/41 [Grinder/nerve-wracking pain (12)]
  1848 | D:4      | Killed Grinder
  1849 | D:4      | Reached skill level 5 in Ice Magic
  1849 | D:4      | Reached XP level 6. HP: 29/50 MP: 10/10
  2137 | Abyss:1  | Cast into level 1 of the Abyss (gnoll sergeant)
  2192 | Abyss:1  | Learned a level 3 spell: Frozen Ramparts
  2220 | Abyss:1  | Noticed a raiju
  2260 | Abyss:1  | Noticed a reaper
  2320 | Abyss:1  | Mangled by a lorocyproca

Illustrated notes

Levels and vault maps discovered:
D:1:      minmay_arrival_split_and_join, layout_loops_ring, st_stairs_5
D:2:      layout_loops_ring, basic_ecumenical_altar, basic_altar
D:3:      layout_rooms, gammafunk_ghost_grave
D:4:      layout_gridville, uniq_grinder
Abyss:1:  base:
D:1

Skill      XL: |  1  2  3  4  5  6 |
---------------+-------------------+-----
Stealth        | 2 |  2.4
Dodging        | 2 3 |  3.4
Fighting       | 1 2 3 |  3.2
Invocations    | 1 2 |  2.6
Spellcasting   | 3 |  3.5
Ice Magic      | 5 |  5.1

Action                   |  1- 3 |  4- 6 || total
-------------------------+-------+-------++-------
Melee: Staff             |    86 |    19 ||   105
       Tailslap          |     9 |     2 ||    11
       Punch             |     3 |       ||     3
Throw: Dart              |       |     3 ||     3
 Cast: Freeze            |    32 |    31 ||    63
Evoke: Wand              |       |     9 ||     9
  Use: Scroll            |     6 |     5 ||    11
       Potion            |       |     4 ||     4
 Stab: Sleeping          |     3 |     1 ||     4
Armor: Skin              |    31 |    14 ||    45
Dodge: Dodged            |    86 |    24 ||   110
Block: Other             |     5 |     8 ||    13
       Reflection        |     1 |     1 ||     2

Table legend: (Time is in decaauts)
 A = Elapsed time spent in this place.
 B = Non-inter-level travel time spent in this place.
 C = Inter-level travel time spent in this place.
 D = Time resting spent in this place.
 E = Time spent auto-exploring this place.
 F = Levels seen in this place.
 G = Mean time per level.
                   A        B        C        D        E       F      G
               +--------+--------+--------+--------+--------+-----+--------+
         Total |   2345 |   2317 |     28 |     40 |    900 |   5 |  469.0 |
       Dungeon |   2156 |   2128 |     28 |     37 |    900 |   4 |  539.0 |
         Abyss |    189 |    189 |      0 |      3 |      0 |   1 |  189.0 |
               +--------+--------+--------+--------+--------+-----+--------+

Top non-repeatable levels by time:
     D:1: 854 daAuts
     D:2: 494 daAuts
     D:3: 434 daAuts
     D:4: 372 daAuts
 Abyss:1: 189 daAuts
